Construct Section Command Post
Construct Platoon Command Post
Selects Heavy Armor Battlegroup
Selects Heavy Armor Battlegroup
Unlock M3 Stuart Light Tanks
Selects Engineer Detachments
Selects Forward Repair Assembly
Construct Field Infirmary
Selects Light Vehicle Withdraw and Refit
Construct Field Infirmary
Light Vehicle Withdraw and Refit
6-pounder Anti-tank Gun Team
Construct Company Command Post
6-pounder Anti-tank Gun Team